 Dungeon Crawl Stone Soup version 0.28-a0-479-g5baa6b73be (webtiles) character file.

Game seed: 14263085546559323293

73 Shayle the Skirmisher (level 4, -2/48 HPs)
             Began as an Ogre Warper on Sept 19, 2021.
             Slain by an orc (6 damage)
             ... on level 4 of the Dungeon.
             The game lasted 00:07:33 (3049 turns).

Shayle the Skirmisher (Ogre Warper)                 Turns: 3049, Time: 00:07:34

Health: -2/48      AC:  8    Str: 15    XL:     4   Next: 27%
Magic:  9/9        EV:  5    Int: 15    God:
Gold:   96         SH: 11    Dex:  8    Spells: 9/9 levels left

rFire   . . .      SeeInvis .   q - +3 flail
rCold   . . .      Faith    .   k - +2 tower shield {AC+3}
rNeg    + . .      Spirit   .   l - +2 robe {rN+}
rPois   .          Reflect  .   (helmet restricted)
rElec   .          Harm     .   (no cloak)
rCorr   .          Rampage  .   (gloves unavailable)
Will    .....                   (boots unavailable)
Stlth   +.........              (no amulet)
HPRegen 0.16/turn               (no ring)
MPRegen 0.11/turn               (no ring)

@: no status effects
A: large, unfitting armour, tough skin 1
a: no special abilities


You were on level 4 of the Dungeon.
You visited 1 branch of the dungeon, and saw 4 of its levels.

You collected 96 gold pieces.

Inventory:

Hand Weapons
 a - a +0 spear
 q - a +3 flail (weapon)
Missiles
 f - 18 poisoned darts (quivered)
Armour
 b - a +0 robe
 k - a +2 tower shield of protection (worn)
 l - a +2 robe of positive energy (worn)
Scrolls
 c - a scroll of magic mapping {unknown}
 e - 3 scrolls of identify {unknown}
 g - a scroll of enchant armour {unknown}
 j - a scroll of acquirement {unknown}
 m - a scroll of noise {unknown}
 p - a scroll of amnesia {unknown}
Potions
 d - 2 potions of berserk rage {unknown}
 i - a potion of brilliance {unknown}
 n - a potion of mutation {unknown}
 o - a potion of attraction {unknown}


   Skills:
 + Level 3.9 Fighting
 + Level 2.9 Polearms
 - Level 1.0 Throwing
 - Level 2.1 Dodging
 + Level 0.7 Shields
 + Level 3.3 Spellcasting
 - Level 2.6 Translocations


You had 9 spell levels left.
You didn't know any spells.
Your spell library contained the following spells:

 Spells                   Type           Power      Damage    Failure   Level
 Blink                    Tloc           N/A        N/A       91%         2
 Ensorcelled Hibernation  Hex/Ice        4%         N/A       99%         2
 Gell's Gravitas          Tloc           5%         N/A       99%         3
 Lesser Beckoning         Tloc           10%        N/A       99%         3
 Teleport Other           Tloc           10%        N/A       99%         3
 Spider Form              Tmut/Pois      1%         N/A       100%        3
 Manifold Assault         Tloc           10%        N/A       100%        5


Dungeon Overview and Level Annotations

Branches:
Dungeon (4/15)
 Temple: D:4-7

Altars:


Innate Abilities, Weirdness & Mutations

You are too large for most types of armour.
You have tough skin. (AC +1)


Message History

You climb upwards.
The orc hits you with a +0 morningstar!
There is a stone staircase leading down here.
You block the orc's attack.
You climb downwards.
There is a stone staircase leading up here.
You closely miss the orc. The orc hits you with a +0 morningstar.
You block the orc's attack.
You hit the orc.
The orc is lightly wounded.
You block the orc's attack. x2
You closely miss the orc.
The orc is lightly wounded.
The orc hits you with a +0 morningstar! You block the orc's attack.
You barely miss the orc.
The orc is lightly wounded.
You block the orc's attack. The orc hits you with a +0 morningstar!
You hit the orc but do no damage. The orc hits you but does no damage.
You block the orc's attack.
You closely miss the orc. You block the orc's attack.
The orc hits you with a +0 morningstar.
You closely miss the orc. The orc hits you with a +0 morningstar.
* * * LOW HITPOINT WARNING * * *
You hit the orc but do no damage. The orc barely misses you.
You block the orc's attack.
You feel better. You block the orc's attack.
You hit the orc.
The orc is severely wounded.
You block the orc's attack. The orc barely misses you.
You hit the orc but do no damage.
The orc is heavily wounded.
You block the orc's attack. The orc hits you with a +0 morningstar.
* * * LOW HITPOINT WARNING * * *
You hit the orc.
The orc is almost dead.
You block the orc's attack. The orc hits you with a +0 morningstar!
* * * LOW HITPOINT WARNING * * *
You barely miss the orc.
The orc is almost dead.
The orc hits you with a +0 morningstar.
You die...

###########
#.........#
#.........##
#...........
#...........
#...........
#..).o......
+...@.......
##########..


You could see an orc.

Vanquished Creatures
  Jessica (D:2)
  A dart slug (D:1)
  2 orcs (D:4)
  5 endoplasms
  5 hobgoblins
  6 jackals
  4 kobolds
  3 quokkas (D:1)
  3 ball pythons
  3 bats
  3 frilled lizards
  A goblin (D:2)
  4 rats
41 creatures vanquished.

Notes
Turn   | Place    | Note
-------+----------+-------------------------------------------
     0 | D:1      | Shayle the Ogre Warper began the quest for the Orb.
     0 | D:1      | Reached XP level 1. HP: 22/22 MP: 3/3
   377 | D:1      | Noticed an eye of devastation
   452 | D:1      | Found a faded altar of an unknown god.
   459 | D:1      | You fall into a shaft and drop 1 floor!
   497 | D:2      | Noticed Jessica
   513 | D:1      | HP: 1/22 [jackal (2)]
   859 | D:1      | Reached XP level 2. HP: 19/31 MP: 5/5
   980 | D:1      | Noticed a golden eye
  1391 | D:1      | Noticed a golden eye
  1394 | D:1      | Noticed a shining eye
  1693 | D:1      | Reached XP level 3. HP: 27/37 MP: 5/7
  2478 | D:2      | Killed Jessica
  2479 | D:2      | Reached XP level 4. HP: 12/48 MP: 8/8
  3049 | D:4      | Slain by an orc

Illustrated notes

Levels and vault maps discovered:
D:1:      psy_arrival_conway, layout_basic,
          hellmonk_ecumenical_altar_watching_god
D:2:      layout_basic, serial_glass, glass_columns_a, glass_columns_a,
          uniq_jessica
D:3:      layout_basic, roderic_batcave, minmay_misc_feat_doors
D:4:      layout_basic, slow_altar_2, minmay_temple_entry_butterflies,
          uniq_sigmund

Skill      XL: |  1  2 |
---------------+-------+-----
Fighting       | 3 |  3.9
Spellcasting   | 3 |  3.3
Polearms       | |  2.9
Throwing       | |  1.0
Dodging        | |  2.1
Shields        | |  0.7
Translocations | |  2.6

Action                   |  1- 3 |  4- 6 || total
-------------------------+-------+-------++-------
Melee: Spear             |   183 |    30 ||   213
       Flail             |       |    13 ||    13
Throw: Boomerang         |     5 |       ||     5
  Use: Scroll            |     1 |       ||     1
       Potion            |     1 |     1 ||     2
Armor: Robe              |    69 |    13 ||    82
Dodge: Dodged            |    87 |     7 ||    94
Block: Tower shield      |     5 |    35 ||    40

Table legend: (Time is in decaauts)
 A = Elapsed time spent in this place.
 B = Non-inter-level travel time spent in this place.
 C = Inter-level travel time spent in this place.
 D = Time resting spent in this place.
 E = Time spent auto-exploring this place.
 F = Levels seen in this place.
 G = Mean time per level.
                   A        B        C        D        E       F      G
               +--------+--------+--------+--------+--------+-----+--------+
         Total |   3087 |   3012 |     75 |    973 |   1338 |   4 |  771.8 |
       Dungeon |   3087 |   3012 |     75 |    973 |   1338 |   4 |  771.8 |
               +--------+--------+--------+--------+--------+-----+--------+

Top non-repeatable levels by time:
     D:1: 1526 daAuts
     D:2: 1308 daAuts
     D:4: 136 daAuts
     D:3: 116 daAuts
